 Dungeon Crawl Stone Soup version 0.24.0-35-gdb84b6a5db (webtiles) character file.

Game seed: 1788105594543252470, levelgen mode: deterministic

555 Esekla the Gusty (level 7, -4/48 HPs)
             Began as a Demonspawn Wanderer on Nov 19, 2019.
             Slain by a wight
             ... wielding a +5 hand axe
              (12 damage)
             ... on level 3 of the Dungeon.
             The game lasted 00:38:15 (4895 turns).

Esekla the Gusty (Demonspawn Wanderer)              Turns: 4895, Time: 00:38:15

Health: -4/48      AC:  6    Str: 11    XL:     7   Next: 8%
Magic:  5/11       EV: 10    Int: 14    God:
Gold:   229        SH:  4    Dex: 15    Spells: 5/12 levels left

rFire    . . .     SeeInvis .   s - +2 short sword (elec)
rCold    . . .     Gourm    .   b - +0 buckler
rNeg     . . .     Faith    .   c - +0 robe
rPois    .         Spirit   .   o - +0 helmet
rElec    .         Reflect  .   (no cloak)
rCorr    +         Harm     .   y - +0 pair of gloves
MR       .....                  (no boots)
Stlth    ++++......             (no amulet)
HPRegen  0.16/turn              m - ring of resist corrosion
MPRegen  0.12/turn              (no ring)

@: drained
A: talons 2, yellow scales 1, nightstalker 2
a: no special abilities


You were on level 3 of the Dungeon.
You were not hungry.

You visited 1 branch of the dungeon, and saw 3 of its levels.
You also visited: Sewer.

You collected 229 gold pieces.

Inventory:

Hand Weapons
 d - a +2 vampiric short sword
 i - a +1 dagger of flaming
 s - a +2 short sword of electrocution (weapon)
Missiles
 k - 3 javelins (quivered)
Armour
 b - a +0 buckler (worn)
 c - a +0 robe (worn)
 o - a +0 helmet (worn)
 y - a +0 pair of gloves (worn)
Jewellery
 m - a ring of resist corrosion (left hand)
Scrolls
 e - a scroll of blinking
 q - a scroll of teleportation
 r - a scroll of magic mapping
 w - 2 scrolls of fog {unknown}
 x - a scroll of remove curse
Potions
 a - 2 potions of invisibility
 g - 2 potions of cancellation
 h - a potion of agility {unknown}
 j - 3 potions of heal wounds
 l - 4 potions of magic {unknown}
 n - a potion of lignification {unknown}
 p - a potion of might
 t - a potion of flight
 u - a potion of resistance {unknown}
 v - a potion of curing
Comestibles
 f - 5 rations


   Skills:
 + Level 1.5(0.7) Fighting
 * Level 3.1(2.2) Short Blades
   Level 1.0(0.2) Bows
 + Level 1.0(0.2) Armour
 + Level 1.2(0.4) Dodging
 + Level 2.0(1.2) Stealth
 + Level 1.2(0.4) Shields
 * Level 3.0(2.2) Spellcasting
 * Level 2.7(1.9) Conjurations
 * Level 2.0(1.2) Charms
 + Level 4.2(3.4) Air Magic


You had 5 spell levels left.
You knew the following spells:

 Your Spells              Type           Power        Failure   Level  Hunger
a - Airstrike             Air            ##........   65%         4    #####..
b - Swiftness             Chrm/Air       #.......     22%         2    ###....
s - Shock                 Conj/Air       #...         12%         1    #......

Your spell library contained the following spells:

 Spells                   Type           Power        Failure   Level  Hunger
 Static Discharge         Conj/Air       #.......     34%         3    ###....
 Lightning Bolt           Conj/Air       #.........   97%         5    ######.


Dungeon Overview and Level Annotations

Branches:
Dungeon (3/15)              Sewer (visited)

Altars:
Elyvilon
Hepliaklqana
Makhleb
Yredelemnul


Innate Abilities, Weirdness & Mutations

You have razor-sharp toenails.
You are partially covered in yellow scales. (AC +2)
You are significantly more attuned to the shadows.


Message History

* * * LOW HITPOINT WARNING * * *
Casting: Shock (safe; 12% risk of failure)
Confirm with . or Enter, or press ? or * to list all spells.
Aiming: Shock (safe; 12% risk of failure)
Press: ? - help, Shift-Dir - straight line The zap misses the wight.
The zap hits the wight.
The wight is almost destroyed.
The zap hits the wight.
The wight is moderately damaged.
The zap misses the wight.
The wight hits you but does no damage.
Casting: Shock (safe; 12% risk of failure)
Confirm with . or Enter, or press ? or * to list all spells.
Aiming: Shock (safe; 12% risk of failure)
Press: ? - help, Shift-Dir - straight line The zap hits the wight.
The wight is severely damaged.
The zap misses the wight. x2; The zap hits the wight.
The wight is heavily damaged.
The wight hits you with a +5 hand axe!
You die...

#..................#...
#######.........####...
#.............#...
#........).##.###.
#....<............
#..........##.....
#..........##.....
#..........##.....
#@##############..
#z#*#####******#..
#z##..[..,,,,.##..
#z).z....,,,......
####z....,,...##..
*.....,,..,*#..
*...##**#***#.. *...#
#.. *...# #..


You could see 3 wights.

Vanquished Creatures
  4 big kobolds (Sewer)
  A wight (D:3)
  An orc wizard (D:3)
  10 adders
  A river rat (Sewer)
  2 oozes (Sewer)
  5 worms
  2 leopard geckos
  5 orcs (D:3)
  6 ball pythons
  5 giant cockroaches
  8 goblins
  3 hobgoblins
  6 jackals
  A quokka (D:3)
  9 bats
  3 frilled lizards
  15 kobolds
  11 rats
98 creatures vanquished.

Notes
Turn   | Place    | Note
-------+----------+-------------------------------------------
     0 | D:1      | Esekla the Demonspawn Wanderer began the quest for the Orb.
     0 | D:1      | Esekla set off with the following items: a +0 dagger, a +0
                  | buckler, a +0 robe, a ration; and the following spell
                  | memorised: Shock; and the following spells available to
                  | memorise: Swiftness, Static Discharge, Airstrike, Lightning
                  | Bolt
     0 | D:1      | Reached XP level 1. HP: 15/15 MP: 2/2
   545 | D:1      | Gained mutation: You are partially covered in yellow
                  | scales. (AC +2) [demonic ancestry]
   545 | D:1      | Reached XP level 2. HP: 21/21 MP: 3/3
   581 | D:1      | Learned a level 2 spell: Swiftness
   814 | D:1      | Reached skill level 1 in Conjurations
  1286 | D:2      | Found a basalt altar of Yredelemnul.
  1299 | D:2      | Gained mutation: You have sharp toenails. [demonic
                  | ancestry]
  1299 | D:2      | Reached XP level 3. HP: 5/26 MP: 0/5
  2022 | D:2      | Reached skill level 1 in Short Blades
  2187 | D:2      | Gained mutation: You have razor-sharp toenails. [demonic
                  | ancestry]
  2187 | D:2      | Reached XP level 4. HP: 32/32 MP: 6/6
  2201 | D:2      | Found a burning altar of Makhleb.
  2300 | D:2      | Found a hazy altar of Hepliaklqana.
  2660 | D:2      | Reached skill level 4 in Air Magic
  3074 | D:3      | Found a glowing drain.
  3155 | Sewer    | Entered a sewer
  3175 | Sewer    | Gained mutation: You are slightly more attuned to the
                  | shadows. [demonic ancestry]
  3175 | Sewer    | Reached XP level 5. HP: 24/37 MP: 6/8
  3328 | Sewer    | Reached skill level 1 in Dodging
  3328 | Sewer    | Reached skill level 1 in Charms
  3551 | Sewer    | Learned a level 4 spell: Airstrike
  3939 | Sewer    | Gained mutation: You are significantly more attuned to the
                  | shadows. [demonic ancestry]
  3939 | Sewer    | Reached XP level 6. HP: 32/43 MP: 1/9
  4528 | D:3      | Reached XP level 7. HP: 44/48 MP: 11/11
  4604 | D:3      | Found a white marble altar of Elyvilon.
  4895 | D:3      | Slain by a wight

Levels and vault maps discovered:
D:1:      lemuel_arrival_muddy, layout_loops_corners, serial_bayou_ford_a,
          minmay_liquid_box
D:2:      layout_basic, lemuel_coloured_pillars_altar, lemuel_round_altar,
          nicolae_overflow_hidden_temple, first_ration, corner_web_ring,
          minmay_small_reverse_x
D:3:      layout_basic, lemuel_round_altar, gammafunk_ghost_necromancy,
          portal_sewer_entry_e, saegor_snake_ambush

Skill      XL: |  1  2  3  4  5  6  7 |
---------------+----------------------+-----
Conjurations   | 1 2 |  2.7
Short Blades   | 1 2 3 |  3.1
Air Magic      | 4 |  4.2
Spellcasting   | 2 3 |  3.0
Dodging        | 1 |  1.2
Charms         | 1 2 |  2.0
Stealth        | 2 |  2.0
Fighting       | |  1.5
Bows           | |  1.0
Armour         | |  1.0
Shields        | |  1.2

Action                   |  1- 3 |  4- 6 |  7- 9 || total
-------------------------+-------+-------+-------++-------
Melee: Short sword       |    81 |   130 |     3 ||   214
       Kick              |     4 |    29 |     1 ||    34
Throw: Javelin           |       |     3 |       ||     3
 Cast: Shock             |    21 |    62 |     6 ||    89
  Use: Scroll            |     4 |     5 |       ||     9
       Potion            |     1 |     2 |       ||     3
 Stab: Sleeping          |     2 |     6 |     2 ||    10
  Eat: Chunk             |     3 |    10 |     2 ||    15
Armor: Robe              |    22 |    43 |     1 ||    66
Dodge: Dodged            |    42 |    73 |     2 ||   117
Block: Buckler           |    11 |    14 |       ||    25
